Map: Purity and Industry LE

Players

immOrTaL

  • Race: Zerg Zerg
  • League: Platinum
  • Spawn Location: 12:00

Unicorn - Winner!

  • Race: Protoss Protoss
  • Spawn Location: 3:00

VOD

Have the link to the VOD?

Description

Time

  • Played on: March 24, 2020, 2:29 p.m.
  • Length: 12:43
Show
View Real Time Build Order
Export as new Build Order

immOrTaL Zerg 

Build Orders: Hatch First 

Get SALT Encoding   

  12  0:01  Drone  
  13  0:12  Overlord  
  13  0:24  Drone  
  14  0:31  Drone x2  
  16  0:49  Hatchery  
  15  0:53  Drone  
  15  0:56  Drone  
  17  1:00  Drone  
  17  1:03  Extractor  
  17  1:17  Spawning Pool  
  16  1:25  Drone x2  
  18  1:32  Drone  
  19  1:42  Overlord  
  19  2:08  Queen, Extractor  
  19  2:14  Roach Warren  
  19  2:33  Spine Crawler  
  18  2:56  Roach  
  18  2:57  Roach x2  
  24  3:17  Ravager x3  
  27  3:31  Overlord  
  27  4:52  Hatchery  
  26  5:04  Drone x3  
  29  5:16  Drone  
  30  5:28  Overlord  
  30  5:35  Metabolic Boost  
  30  5:41  Overlord x2  
  30  5:55  Hatchery  
  29  5:59  Drone x3  
  32  6:09  Drone  
  32  6:10  Drone x3  
  32  6:11  Queen  
  36  6:17  Overlord x2  
  38  6:28  Drone  
  38  6:29  Drone  
  40  6:37  Drone  
  40  6:38  Drone x4  
  45  6:56  Lair  
  45  6:57  Drone x2  
  47  7:06  Drone  
  47  7:07  Drone x4  
  52  7:10  Drone x2  
  54  7:17  Queen  
  56  7:33  Roach x3  
  56  7:34  Roach x4  
  70  7:37  Evolution Chamber  
  70  7:38  Evolution Chamber  
  68  7:47  Drone  
  68  7:48  Drone x3  
  68  7:49  Drone  
  66  8:06  Roach x4  
  66  8:07  Overlord  
  66  8:08  Overlord  
  74  8:28  Spore Crawler  
  74  8:29  Roach x5  
  74  8:30  Roach x3  
  74  8:31  Zerg Missile Weapons Level 1  
  74  8:33  Overseer  
  89  9:01  Overlord x3  
  89  9:03  Overlord x2  
  89  9:21  Roach x8  
  89  9:24  Zerg Ground Armor Level 1  
  105  9:28  Hatchery  
  105  9:29  Extractor  
  105  9:31  Extractor  
  102  9:35  Drone x3, Infestation Pit  
  102  9:38  Roach x4  
  112  10:05  Drone  
  112  10:06  Drone x7  
  120  10:17  Overlord x2  
  120  10:20  Glial Reconstitution  
  120  10:23  Hive  
  120  10:30  Roach  
  120  10:31  Roach x4  
  130  10:44  Extractor  
  130  10:45  Drone x9, Extractor  
  127  11:18  Roach x16  
  88  11:36  Roach x6  
  100  11:41  Roach  
  100  11:42  Roach  
  98  11:48  Roach x3  
  104  11:55  Roach  
  96  12:12  Roach x6  
  96  12:13  Roach  
  94  12:21  Roach  
  94  12:22  Roach x2  
Show
View Real Time Build Order
Export as new Build Order

Unicorn Protoss - Winner!

Build Orders:  

Get SALT Encoding   

  12  0:02  Probe  
  13  0:14  Probe  
  14  0:22  Pylon  
  14  0:27  Probe  
  15  0:40  Forge, Probe  
  16  0:52  Probe (Chrono Boost)  
  17  1:03  Probe (Chrono Boost)  
  18  1:09  Pylon  
  18  1:15  Gateway  
  18  1:20  Probe (Chrono Boost)  
  19  1:26  Assimilator  
  19  1:32  Probe (Chrono Boost)  
  21  1:40  Probe (Chrono Boost)  
  21  1:43  Photon Cannon  
  21  1:45  Photon Cannon  
  21  1:48  Probe  
  22  2:03  Gateway  
  22  2:09  Gateway  
  22  2:16  Pylon  
  22  2:23  Zealot  
  24  2:50  Nexus  
  24  2:59  Cybernetics Core  
  24  3:09  Zealot  
  26  3:15  Assimilator  
  26  3:17  Probe  
  27  3:29  Probe  
  27  3:31  Pylon  
  28  3:43  Stalker  
  28  3:44  Stalker  
  30  3:52  Probe (Chrono Boost)  
  30  3:54  Stalker  
  33  4:01  Pylon  
  33  4:04  Probe x2 (Chrono Boost)  
  35  4:12  Probe (Chrono Boost)  
  35  4:16  Pylon  
  36  4:18  Probe  
  37  4:40  Probe (Chrono Boost)  
  37  4:41  Probe (Chrono Boost)  
  39  4:50  Twilight Council, Probe (Chrono Boost)  
  40  4:53  Robotics Facility x2, Probe (Chrono Boost)  
  40  4:55  Probe (Chrono Boost), Pylon  
  40  4:59  Pylon  
  42  5:05  Gateway  
  42  5:10  Probe x2  
  42  5:13  Assimilator  
  44  5:16  Assimilator  
  44  5:22  Pylon  
  44  5:23  Probe (Chrono Boost), Warp Gate (Chrono Boost)  
  44  5:26  Templar Archives  
  45  5:31  Probe (Chrono Boost)  
  46  5:40  Probe (Chrono Boost)  
  47  5:45  Probe (Chrono Boost)  
  48  6:00  Probe  
  49  6:05  Charge  
  49  6:08  Nexus  
  49  6:10  Zealot x2  
  53  6:12  Pylon  
  53  6:15  Pylon  
  53  6:18  Pylon  
  53  6:25  Psionic Storm  
  53  6:28  Probe x2  
  53  6:30  Warp Prism (Chrono Boost)  
  59  6:40  Probe  
  59  6:41  Warp Prism (Chrono Boost)  
  59  6:43  Probe  
  61  6:50  Gateway  
  61  6:52  Probe  
  62  6:56  Probe  
  62  6:59  Observer  
  64  7:04  Probe  
  64  7:05  High Templar x2  
  69  7:08  Zealot  
  69  7:14  Probe (Chrono Boost)  
  72  7:17  Probe (Chrono Boost)  
  72  7:18  Gateway  
  72  7:21  Gateway  
  73  7:23  Gateway, Probe (Chrono Boost)  
  73  7:25  Gateway  
  73  7:29  Probe (Chrono Boost)  
  76  7:31  Probe (Chrono Boost)  
  76  7:32  Probe (Chrono Boost)  
  76  7:34  Probe (Chrono Boost)  
  76  7:35  Immortal  
  82  7:37  Probe (Chrono Boost)  
  82  7:38  Probe  
  82  7:41  Zealot x2  
  82  7:42  High Templar  
  90  8:03  Pylon  
  90  8:07  Probe x2  
  90  8:10  High Templar  
  90  8:11  High Templar  
  90  8:12  High Templar  
  98  8:14  Archon  
  98  8:16  Archon  
  98  8:29  Zealot x5  
  108  8:47  Protoss Ground Weapons Level 1 (Chrono Boost), Pylon  
  108  8:51  Gateway  
  108  8:52  Forge  
  108  8:53  Assimilator  
  108  8:54  Gateway, Forge  
  108  8:57  Assimilator  
  108  9:01  High Templar x2  
  111  9:10  Pylon  
  111  9:12  Pylon  
  111  9:14  Pylon  
  111  9:15  Probe x3  
  114  9:22  Zealot  
  114  9:23  Zealot x4  
  124  9:27  Probe x2  
  124  9:28  Probe  
  124  9:31  Nexus  
  127  9:34  Observer, Immortal  
  132  9:39  Probe  
  132  9:42  Pylon  
  132  9:44  Pylon  
  133  9:48  Assimilator  
  133  9:50  Protoss Ground Armor Level 1 (Chrono Boost), Protoss Shields Level 1 (Chrono Boost)  
  133  9:56  Blink  
  133  10:01  Zealot  
  133  10:02  Zealot  
  137  10:09  Gateway  
  137  10:10  Gateway  
  137  10:11  Probe x3  
  137  10:12  Photon Cannon  
  140  10:15  Shield Battery  
  140  10:21  Sentry  
  140  10:23  Sentry x3, Probe x2  
  150  10:29  Zealot  
  150  10:34  Probe  
  150  10:35  Probe x2  
  154  10:37  Pylon  
  154  10:39  Pylon x2  
  119  11:32  Zealot x6  
  121  11:33  Zealot x5  
  119  12:15  Zealot x3  
  107  12:16  Zealot x2  
  107  12:17  Zealot x4  
  115  12:27  High Templar  
  115  12:28  High Templar  
  117  12:32  Archon  
Tags
 
Add a new tag
Caveats
  • Supply blocks, unpowered buildings, or Contaminate may cause inaccurate times.
  • Supply counts are checked every 10 seconds.